 Dungeon Crawl Stone Soup version 0.17-a0-1468-gbf503c2 (webtiles) character file.

60 Sirial the Skirmisher (level 3, -7/33 HPs)
             Began as a Draconian Wanderer on July 1, 2015.
             Was a Believer of Lugonu.
             Mangled by Grinder (8 damage)
             ... on level 3 of the Dungeon.
             The game lasted 00:10:41 (1864 turns).

Sirial the Skirmisher (Draconian Wanderer)          Turns: 1864, Time: 00:10:41

Health: -7/33      AC:  8    Str: 14      XL:     3   Next: 80%
Magic:  5/5        EV: 11    Int: 12      God:    Lugonu [**....]
Gold:   122        SH:  0    Dex: 10 (11) Spells: 1 memorised, 4 levels left

rFire  . . .     SeeInvis .     a - +2 dagger
rCold  . . .     Rnd*Rage +     (armour unavailable)
rNeg   . . .     SustAt   .     (no shield)
rPois  .         Gourm    .     (helmet restricted)
rElec  .         Spirit   .     (no cloak)
rCorr  .         Warding  .     h - +2 pair of gloves
rMut   .         Stasis   .     (no boots)
MR     .....                    (no amulet)
Stlth  ++........               (no ring)
                                (no ring)

@: not resistant to hostile enchantments, unstealthy
A: unfitting armour, berserk 1, blink 1, deterioration 1, cold-blooded, AC +5
a: Blink, Depart the Abyss, Bend Space, Renounce Religion


You were on level 3 of the Dungeon.
You worshipped Lugonu.
Lugonu was pleased with you.
You were not hungry.

You visited 1 branch of the dungeon, and saw 3 of its levels.

You collected 122 gold pieces.

Inventory:

Hand weapons
 a - a +2 dagger (weapon)
 f - a +2 hand axe of flaming
Missiles
 g - 29 stones (quivered)
Armour
 e - a +0 cloak
 h - a +2 pair of gloves (worn)
 k - a +0 pair of boots
Potions
 b - a potion of berserk rage
 d - 2 potions of lignification
Books
 c - the Disquisition on Stones

   Spells                             Type                      Level
   a - Sandblast                      Earth                        1
   b - Passwall                       Transmutation/Earth          3


   Skills:
 + Level 4.0 Fighting
 + Level 0.2 Short Blades
 + Level 1.1 Dodging
 + Level 3.1 Stealth
   Level 1.0 Shields
 + Level 1.6 Spellcasting
   Level 2.0 Fire Magic
 + Level 0.4 Earth Magic


You had 4 spell levels left.
You knew the following spells:

 Your Spells              Type           Power        Failure   Level  Hunger
a - Sandblast             Erth           #.....       28%         1    ##.....


Dungeon Overview and Level Annotations

Branches:
Dungeon (3/15)

Altars:
Lugonu

Annotations:
D:3 Grinder


Innate Abilities, Weirdness & Mutations

Your plain brown scales are hard (AC +5).
Your body does not fit into most forms of armour.
You are cold-blooded and may be slowed by cold attacks.
You tend to lose your temper in combat.
You can translocate small distances at will.
Your body sometimes deteriorates upon taking damage.


Message History

Grinder gestures at you. You resist with significant effort.
Drink which item? (? for menu, Esc to quit)
Okay, then.
You hit Grinder.
Grinder is lightly wounded.
Grinder hits you.
* * * LOW HITPOINT WARNING * * *
You writhe in agony.
* * * LOW HITPOINT WARNING * * *
You closely miss Grinder.
Grinder is lightly wounded.
Grinder hits you.
* * * LOW HITPOINT WARNING * * *
You writhe in agony.
* * * LOW HITPOINT WARNING * * *
You hit Grinder.
Grinder is moderately wounded.
Grinder hits you!
You die...

#..# #..#
#..# #..#
#..# .. #..
....###[#####
..........%.#
....###.###@#
# #.# #5# ###
#.# #.# ..#
#.###.# ..#
#...#.# ..#
###.#.#
..##########
#.#.#
#††........#
#.#.#
#..........#
#.#


You could see Grinder.

Vanquished Creatures
  A giant gecko (D:2)
  3 ball pythons
  8 bats
  A giant cockroach (D:2)
  7 hobgoblins
  4 jackals (D:3)
  9 kobolds
  A quokka (D:2)
  4 giant newts
  6 goblins (D:1)
  12 rats
56 creatures vanquished.

Notes
Turn   | Place    | Note
--------------------------------------------------------------
     0 | D:1      | Sirial the Draconian Wanderer began the quest for the Orb.
     0 | D:1      | Sirial set off with: a +2 dagger, a potion of berserk rage, the Disquisition on Stones, a potion of lignification, a bread ration
     0 | D:1      | Reached XP level 1. HP: 19/19 MP: 2/2
     2 | D:1      | Learned a level 1 spell: Sandblast
    84 | D:1      | Identified the Disquisition on Stones
   118 | D:1      | Gained mutation: Your body sometimes deteriorates upon taking damage. [potion of mutation]
   118 | D:1      | Gained mutation: You tend to lose your temper in combat. [potion of mutation]
   118 | D:1      | Gained mutation: You can translocate small distances at will. [potion of mutation]
   125 | D:1      | Reached XP level 2. HP: 18/27 MP: 1/3
   730 | D:1      | Reached XP level 3. HP: 33/33 MP: 0/4
   762 | D:1      | Reached skill level 4 in Fighting
   979 | D:2      | Found a faded altar to an unknown god.
  1006 | D:2      | Became a worshipper of Lugonu the Unformed
  1006 | D:2      | Acquired Lugonu's first power
  1006 | D:2      | Acquired Lugonu's second power
  1220 | D:2      | Reached skill level 1 in Dodging
  1851 | D:3      | Noticed Grinder
  1863 | D:3      | HP: 1/33 [Grinder (3)]
  1864 | D:3      | Mangled by Grinder

Vault maps used:
D:1:      lemuel_arrival_lava_pool, hex_tiny
D:2:      ecumenical_altar_1
D:3:      uniq_grinder

Action                   || total
-------------------------++-------
Melee: Dagger            ||   166
 Cast: Sandblast         ||    38
  Use: Scroll            ||    10
       Potion            ||     3
 Stab: Sleeping          ||     1
  Eat: Fruit             ||     3
       Bread ration      ||     1
       Beef jerky        ||     1
